 Dungeon Crawl Stone Soup version 0.29.1-15-g9cfb28693d (webtiles) character file.

Game seed: 10099673588777739259

823 Peloso the Slasher (level 7, -3/56 (64) HPs)
             Began as a Minotaur Fighter on Apr 22, 2023.
             Slain by a wight
             ... wielding a +2 great sword
              (4 damage)
             ... on level 4 of the Dungeon.
             The game lasted 00:08:23 (4711 turns).

Peloso the Slasher (Minotaur Fighter)               Turns: 4711, Time: 00:08:23

HP:   -3/56 (64)    AC: 13    Str: 21    XL:     7   Next: 64%
MP:   6/6           EV:  5    Int:  5    God:
Gold: 151           SH:  9    Dex: 11    Spells: 6/6 levels left

rFire   . . .      SeeInvis .   a - +1 falchion (holy)
rCold   . . .      Faith    .   d - +0 kite shield
rNeg    . . .      Spirit   .   y - +0 plate armour {rPois}
rPois   +          Reflect  .   (helmet restricted)
rElec   .          Harm     .   k - scarf {shadows}
rCorr   .          Rampage  .   (no gloves)
Will    .....                   r - +0 pair of boots
Stlth   ..........              j - amulet of the acrobat
HPRegen 0.18/turn               (no ring)
MPRegen 0.10/turn               (no ring)

@: heavily drained
A: horns 2, retaliatory headbutt
a: no special abilities


You were on level 4 of the Dungeon.
You visited 1 branch of the dungeon, and saw 6 of its levels.

You collected 151 gold pieces.

Inventory:

Hand Weapons
 a - a +1 falchion of holy wrath (weapon)
 b - a +0 long sword
Armour
 c - a +0 scale mail
 d - a +0 kite shield (worn)
 k - a scarf of shadows (worn)
 r - a +0 pair of boots (worn)
 y - a +0 plate armour of poison resistance (worn)
Jewellery
 j - an amulet of the acrobat (around neck)
 v - a ring of fire
Scrolls
 o - 2 scrolls of fear {unknown}
 p - a scroll of enchant armour {unknown}
 q - a scroll of silence {unknown}
 s - 3 scrolls of identify
 w - a scroll of teleportation {unknown}
 x - a scroll of immolation {unknown}
Potions
 e - 3 potions of might
 f - 2 potions of mutation
 g - a potion of lignification {unknown}
 h - 5 potions of heal wounds {unknown}
 i - a potion of ambrosia {unknown}
 l - 2 potions of flight {unknown}
 m - 4 potions of degeneration {unknown}
 n - a potion of haste
 t - a potion of berserk rage {unknown}
 u - 3 potions of curing {unknown}


   Skills:
 + Level 6.3 Fighting
 + Level 6.3 Long Blades
 + Level 6.0 Armour
 + Level 1.7 Dodging
 + Level 0.2 Stealth
 + Level 5.4 Shields


You had 6 spell levels left.
You didn't know any spells.
Your spell library contained the following spells:

 Spells                   Type           Power      Damage    Failure   Level
 Gell's Gravitas          Tloc           0%         N/A       100%        3
 Lesser Beckoning         Tloc           0%         N/A       100%        3
 Teleport Other           Tloc           0%         N/A       100%        3
 Freezing Cloud           Conj/Ice/Air   0%         6-21      100%        5
 Simulacrum               Ice/Necr       0%         N/A       100%        6
 Polar Vortex             Ice            0%         N/A       100%        9


Dungeon Overview and Level Annotations

Branches:
Dungeon (6/15)
 Temple: D:4-7

Altars:

Shops:
D:5 (

Annotations:
D:4 1 runed translucent door, dertzug's ghost, amateur FoHu


Innate Abilities, Weirdness & Mutations

You have a pair of horns on your head.
You reflexively headbutt those who attack you in melee.


Message History

You furiously retaliate!
You headbutt the wight. The wight attacks as you move away!
You block the wight's attack. The wight attacks as you move away!
The wight misses you. The wight attacks as you move away!
The wight hits you with a +2 great sword.
You feel drained. The wight attacks as you move away!
You block the wight's attack.
There is a stone staircase leading up here.
The wight closely misses you.
You climb upwards.
Level annotation: 1 runed translucent door, dertzug's ghost, amateur FoHu
There is a stone staircase leading down here.
You hit the wight but do no damage. Your headbutt misses the wight.
The wight is heavily damaged.
The wight hits you with a +2 great sword.
You barely miss the wight.
You headbutt the wight, but do no damage.
The wight is heavily damaged.
The wight hits you with a +2 great sword!
* * * LOW HITPOINT WARNING * * *
You feel drained.
You hit the wight.
The wight convulses.
You headbutt the wight, but do no damage.
The wight is severely damaged.
The wight barely misses you.
You closely miss the wight.
The wight is severely damaged.
The wight hits you with a +2 great sword.
* * * LOW HITPOINT WARNING * * *
You feel drained.
* * * LOW HITPOINT WARNING * * *
You hit the wight but do no damage. Your headbutt misses the wight.
The wight is severely damaged.
The wight hits you with a +2 great sword!
* * * LOW HITPOINT WARNING * * *
You hit the wight but do no damage.
The wight is severely damaged.
The wight hits you but does no damage.
The wight hits you with a +2 great sword.
You die...

#.# #.# #.# #.#
################.#
................z#
..............รท.@#
.###############.# .#
#.# .#
######.##############
.#######
#...................#
.......#
#.####.######.#######
######.# #.# #.# #.#
.......# #.# #.# #.#
....##.# #.# #.# #.#


You could see a wight.

Vanquished Creatures
  A water moccasin (D:6)
  An orc warrior (D:6)
  An ogre (D:5)
  A centaur (D:5)
  A wight (D:5)
  3 hounds
  A gnoll bouda (D:6)
  An orc priest (D:5)
  2 iguanas
  Natasha (D:2)
  6 adders
  4 gnolls
  A white imp (D:5)
  An ufetubus (D:4)
  2 worms (D:3)
  5 orcs
  8 ball pythons
  6 bats
  7 endoplasms
  3 giant cockroaches
  7 hobgoblins
  2 jackals (D:2)
  6 frilled lizards
  9 goblins
  9 kobolds
  4 rats
93 creatures vanquished.

Vanquished Creatures (others)
  12 plants
12 creatures vanquished.

Grand Total: 105 creatures vanquished

Notes
Turn   | Place    | Note
-------+----------+-------------------------------------------
     0 | D:1      | Peloso the Minotaur Fighter began the quest for the Orb.
     0 | D:1      | Reached XP level 1. HP: 19/19 MP: 0/0
    96 | D:1      | Reached XP level 2. HP: 13/27 MP: 1/1
   888 | D:2      | Reached XP level 3. HP: 33/33 MP: 2/2
  1475 | D:2      | Noticed Natasha
  1484 | D:2      | Killed Natasha
  1485 | D:2      | Reached XP level 4. HP: 33/41 MP: 3/3
  1673 | D:3      | Found a faded altar of an unknown god.
  2255 | D:3      | Reached XP level 5. HP: 47/47 MP: 4/4
  2396 | D:4      | Noticed an ogre
  2622 | D:4      | Found a runed translucent door.
  2622 | D:4      | Noticed dertzug's ghost (amateur FoHu)
  2663 | D:4      | Reached skill level 5 in Fighting
  2803 | D:4      | Identified the +1 ring mail of Distant Worlds {rPois rC+
                  | Str-5}
  2814 | D:5      | Entered Level 5 of the Dungeon
  3069 | D:5      | Reached XP level 6. HP: 53/56 MP: 5/5
  3159 | D:5      | Reached skill level 5 in Long Blades
  3159 | D:5      | Reached skill level 5 in Armour
  3192 | D:5      | Found Godgh's Weapon Shop.
  3316 | D:6      | Noticed a water moccasin
  3324 | D:6      | Killed a water moccasin
  3325 | D:6      | Reached skill level 1 in Dodging
  3366 | D:6      | Reached skill level 5 in Shields
  3429 | D:6      | Noticed an orc warrior
  3824 | D:5      | Reached XP level 7. HP: 50/61 MP: 6/6
  4316 | D:5      | HP: 3/62 [ogre/+0 giant club (20)]
  4710 | D:4      | HP: 1/56 [wight/+2 great sword (8)]
  4711 | D:4      | Slain by a wight

Illustrated notes

Levels and vault maps discovered:
D:1:      wander_arrival_fairy_ring, layout_rooms
D:2:      layout_loops_ring, ebering_dispersal_statue_hall, uniq_natasha
D:3:      layout_basic, chequers_ecumenical_altar_island, serial_park_tiny_2
D:4:      layout_basic, minmay_temple_entry_statues_pillars,
          hellmonk_ghost_happy_afterlife
D:5:      layout_basic, serial_shops, nicolae_shop_advertising_works
          [nicolae_subvault_shop_adworks]
D:6:      layout_cave_pools, serial_gnoll_camp, gnoll_camp_mini_house,
          gnoll_camp_mini_shop, gnoll_camp_mini_loothouse, gnoll_camp_mini_shop,
          gnoll_camp_mini_hut, gnoll_camp_mini_hut, serial_shops,
          nicolae_shop_overgrown_old_shop, nicolae_stop_n_shop_2,
          nicolae_shop_hallway_plus, shop, hangedman_decor_riveting,
          serial_bayou_pond_a, minmay_manual_monolith, uniq_maggie, uniq_pikel

Skill      XL: |  1  2  3  4  5  6  7 |
---------------+----------------------+-----
Fighting       | 4 5 6 |  6.3
Shields        | 4 5 |  5.4
Armour         | 4 5 6 |  6.0
Long Blades    | 3 4 5 6 |  6.3
Dodging        | 1 |  1.7
Stealth        | |  0.2

Action                   |  1- 3 |  4- 6 |  7- 9 || total
-------------------------+-------+-------+-------++-------
Melee: Falchion          |    96 |   130 |    38 ||   264
       Long sword        |     9 |       |       ||     9
       Headbutt          |     8 |    22 |    13 ||    43
  Use: Scroll            |       |     2 |       ||     2
Armor: Scale mail        |    42 |    53 |     4 ||    99
       Plate armour      |       |       |     2 ||     2
Dodge: Dodged            |    50 |    70 |    29 ||   149
Block: Buckler           |    14 |       |       ||    14
       Kite shield       |    13 |    60 |    17 ||    90
